 Dungeon Crawl Stone Soup version 0.19-a0-1834-g6b7851e (webtiles) character file.

224 Alarkh the Magician (level 5, 35/35 HPs)
             Began as a Mummy Fire Elementalist on Oct 6, 2016.
             Quit the game in a sewer on Oct 8, 2016.
             The game lasted 00:05:33 (2475 turns).

Alarkh the Magician (Mummy Fire Elementalist)       Turns: 2475, Time: 00:05:33

Health: 35/35      AC:  3    Str: 12    XL:     5   Next: 67%
Magic:  10/10      EV: 12    Int: 15    God:
Gold:   149        SH:  0    Dex: 12    Spells: 3 memorised, 5 levels left

rFire  . . .     SeeInvis .     j - +1 falchion
rCold  + . .     Gourm    .     a - +0 robe
rNeg   + + +     Faith    .     (no shield)
rPois  ∞         Spirit   .     h - +0 helmet
rElec  .         Dismiss  .     (no cloak)
rCorr  .         Reflect  .     (no gloves)
MR     +....     Harm     .     (no boots)
Stlth  ++........               (no amulet)
                                f - ring of protection from fire
                                d - ring of protection from magic

@: no status effects
A: no food or potions, fire vulnerability, cold resistance 1, negative energy
resistance 3, torment resistance, unbreathing
a: no special abilities


You were in a sewer.
You were not hungry.

You visited 1 branch of the dungeon, and saw 3 of its levels.
You also visited: Sewer.

You collected 149 gold pieces.

Inventory:

Hand Weapons
 c - a +0 dagger
 j - a +1 falchion (weapon)
Armour
 a - a +0 robe (worn)
 h - a +0 helmet (worn)
Jewellery
 d - a ring of protection from magic (left hand)
 f - a ring of protection from fire (right hand)
Scrolls
 e - a scroll of identify
 g - a scroll of remove curse
 k - a scroll of immolation
Books
 b - a book of Flames

   Spells                             Type                      Level
   a - Flame Tongue                   Conjuration/Fire             1
   b - Throw Flame                    Conjuration/Fire             2
   c - Conjure Flame                  Conjuration/Fire             3
   d - Inner Flame                    Hexes/Fire                   3
   e - Sticky Flame                   Conjuration/Fire             4
   f - Fireball                       Conjuration/Fire             5


   Skills:
 - Level 1.5 Dodging
 - Level 1.5 Stealth
 + Level 3.8 Spellcasting
 + Level 2.4 Conjurations
 + Level 3.5 Fire Magic


You had 5 spell levels left.
You knew the following spells:

 Your Spells              Type           Power        Failure   Level  Hunger
a - Flame Tongue          Conj/Fire      ##...        8%          1    N/A
b - Throw Flame           Conj/Fire      ##....       12%         2    N/A
c - Conjure Flame         Conj/Fire      ##......     21%         3    N/A

Dungeon Overview and Level Annotations

Branches:
Dungeon (3/15)

Altars:
Gozag
Vehumet


Innate Abilities, Weirdness & Mutations

You do not eat or drink.
Your flesh is vulnerable to fire.
You are immune to poison.
Your flesh is cold resistant. (rC+)
You are immune to negative energy. (rN+++)
You are immune to unholy pain and torment.
You can survive without breathing.


Message History

Anything else - Cancel.
You shout for attention!
What are your orders? t - Shout!
Orders for allies: a - Attack new target. r - Retreat! s - Stop attacking. g - Guard the area. f - Follow me.
Anything else - Cancel.
You shout for attention!
What are your orders? t - Shout!
Orders for allies: a - Attack new target. r - Retreat! s - Stop attacking. g - Guard the area. f - Follow me.
Anything else - Cancel.
You shout for attention!
Okay, then.
Welcome back, Alarkh the Mummy Fire Elementalist.
Press ? for a list of commands and other information.
Are you sure you want to abandon this character and quit the game? (Confirm with "yes".)

##≈≈# #≈≈≈# #≈≈≈#
#≈≈≈# #≈≈≈# ##≈≈≈##
#.≈≈≈.# ###.≈≈≈.#
#∩.@≈≈≈.# ###.≈≈≈.#
#.≈≈≈.# ##≈≈≈≈(##
#.≈≈≈≈.≈###########
#≈.≈≈≈≈≈(≈≈≈≈≈≈≈≈÷≈
#≈≈≈≈≈(≈###########
#.≈≈≈≈(≈# #.≈≈≈)(≈#


There were no monsters in sight!

Vanquished Creatures
  A big kobold (Sewer)
  5 adders
  3 river rats (Sewer)
  2 oozes
  2 leopard geckos (D:3)
  2 ball pythons (D:3)
  5 giant cockroaches
  3 goblins (D:3)
  13 hobgoblins
  6 jackals
  14 kobolds
  A quokka (D:2)
  4 bats
  2 frilled lizards (D:3)
  9 rats
72 creatures vanquished.

Notes
Turn   | Place    | Note
-------+----------+-------------------------------------------
     0 | D:1      | Alarkh the Mummy Fire Elementalist began the quest for the Orb.
     0 | D:1      | Reached XP level 1. HP: 13/13 MP: 3/3
   102 | D:1      | Reached skill level 1 in Conjurations
   261 | D:1      | Reached XP level 2. HP: 19/19 MP: 3/5
   828 | D:2      | Found an opulent altar of Gozag.
  1039 | D:2      | Reached XP level 3. HP: 24/24 MP: 4/7
  1043 | D:2      | Learned a level 2 spell: Throw Flame
  1047 | D:2      | Learned a level 3 spell: Conjure Flame
  1524 | D:3      | Reached XP level 4. HP: 30/30 MP: 4/8
  1600 | D:3      | Found a radiant altar of Vehumet.
  1881 | D:3      | Found a glowing drain.
  1885 | Sewer    | Entered a sewer
  1990 | Sewer    | Reached XP level 5. HP: 15/35 MP: 6/10
  2432 | Sewer    | Found a white marble altar of Elyvilon.
  2475 | Sewer    | Upgraded the game from 0.19-a0-1821-g42c593c to 0.19-a0-1834-g6b7851e
  2475 | Sewer    | Quit the game

Vault maps used:
D:1:      roderic_crop_circles_arrival_small, minmay_misc_feat_rows
D:2:      nicolae_overflow_crystal_walls, serial_forest,
          infiniplex_forest_straight_4, infiniplex_forest_straight_4,
          infiniplex_forest_lined_room_2, infiniplex_forest_end_3,
          infiniplex_forest_straight_3, infiniplex_forest_straight_2,
          infiniplex_forest_end_2, infiniplex_forest_diagonal
D:3:      vehumet_crystals, makhleb_grotto_becter, first_bread,
          gup_sewer_entry_bowl
Sewer:    sewer_kobolds

Skill      XL: |  1  2  3  4 |
---------------+-------------+-----
Conjurations   | 1 2 |  2.4
Fire Magic     | 3 |  3.5
Spellcasting   | 3 |  3.8
Dodging        | |  1.5
Stealth        | |  1.5

Action                   |  1- 3 |  4- 6 || total
-------------------------+-------+-------++-------
Melee: Unarmed           |    11 |       ||    11
       Dagger            |    16 |       ||    16
       Falchion          |     1 |     6 ||     7
 Cast: Flame Tongue      |    65 |    59 ||   124
  Use: Scroll            |     1 |     4 ||     5
Armor: Robe              |    15 |     7 ||    22
Dodge: Dodged            |    53 |    23 ||    76
       Rpst.: Falchion   |     3 |     7 ||    10
